 Dungeon Crawl Stone Soup version 0.26.1-11-gd32895ea62 (webtiles) character file.

Game seed: 6946971771094601296

140 Elleran the Chopper (level 5, -2/42 HPs)
             Began as a Demonspawn Berserker on May 7, 2021.
             Was a Believer of Trog.
             Killed from afar by a white imp (12 damage)
             ... with a puff of frost
             ... on level 4 of the Dungeon.
             The game lasted 00:06:19 (2792 turns).

Elleran the Chopper (Demonspawn Berserker)          Turns: 2792, Time: 00:06:21

Health: -2/42      AC:  6    Str: 18    XL:     5   Next: 2%
Magic:  5/5        EV:  8    Int: 14    God:    Trog [**....]
Gold:   121        SH: 12    Dex: 13    Spells: 4/4 levels left

rFire    . . .     SeeInvis .   a - +0 hand axe
rCold    . . .     Faith    .   p - +0 kite shield
rNeg     . . .     Spirit   .   l - +0 ring mail
rPois    .         Reflect  +   (no helmet)
rElec    .         Harm     .   (no cloak)
rCorr    .         Rampage  .   (no gloves)
Will     .....                  e - +0 pair of boots
Stlth    +.........             m - amulet of reflection
HPRegen  0.14/turn              b - +6 ring of intelligence (curse)
MPRegen  0.09/turn              (no ring)

@: berserk cooldown
A: spiny 2
a: Renounce Religion, Berserk, Trog's Hand


You were on level 4 of the Dungeon.
You worshipped Trog.
Trog was pleased with you.
You visited 1 branch of the dungeon, and saw 4 of its levels.

You collected 121 gold pieces.

Inventory:

Hand Weapons
 a - a +0 hand axe (weapon)
Missiles
 d - 12 poisoned darts
Armour
 e - a +0 pair of boots (worn)
 l - a +0 ring mail (worn)
 p - a +0 kite shield (worn)
Jewellery
 b - a cursed +6 ring of intelligence (left hand)
 k - an uncursed ring of fire
 m - an amulet of reflection (around neck)
Scrolls
 c - 3 scrolls of remove curse
 f - a scroll of blinking
 h - 2 scrolls of noise {unknown}
 i - a scroll of amnesia {unknown}
 j - 3 scrolls of immolation {unknown}
 o - a scroll of fear {unknown}
 q - a scroll of enchant weapon {unknown}
Potions
 g - a potion of heal wounds
 n - a potion of cancellation {unknown}
 s - a potion of attraction {unknown}
 t - 2 potions of invisibility


   Skills:
 + Level 4.0 Fighting
 * Level 4.4 Axes
 - Level 1.7 Armour
 - Level 1.7 Dodging
 + Level 0.7 Shields


You had 4 spell levels left.
You didn't know any spells.
Your spell library was empty.

Dungeon Overview and Level Annotations

Branches:
Dungeon (4/15)
 Temple: D:4-7

Altars:

Shops:
D:4 *


Innate Abilities, Weirdness & Mutations

You are mostly covered in sharp spines.


Message History

You are too injured to fight recklessly!
You are too injured to fight recklessly!
You are too injured to fight recklessly!
You are too injured to fight recklessly!
You are too injured to fight recklessly!
You are too injured to fight recklessly!
You are too injured to fight recklessly!
You hit the white imp but do no damage.
The white imp is moderately wounded.
You block the white imp's attack. The white imp is struck by your spines.
The white imp hits you. The white imp freezes you.
* * * LOW HITPOINT WARNING * * *
You hit the white imp.
The white imp is severely wounded.
You feel yourself speed up. The white imp is struck by your spines.
The white imp hits you but does no damage.
The white imp gestures at you. The puff of frost hits you!
You die...

#.......# ...
#.......### ...
#.......+.# ....
#.......#.#.....
#.#.........#.....
...................
........W.<........
#.#...#5#........#
......#@#..#......
#.....#.#....#....
#####.#.#.##.# ...
..###......#.# +#.
..
#..........##......
#..........++......
#..........##.....#
+..........''.....+
#..........##.....#
.....^.


You could see a phantom and a white imp.

Vanquished Creatures
  A worker ant (D:4)
  4 adders
  An ooze (D:1)
  A worm (D:3)
  A dart slug (D:2)
  3 leopard geckos
  An orc (D:3)
  8 bats
  4 giant cockroaches
  6 goblins
  10 hobgoblins
  9 jackals (D:2)
  A kobold (D:2)
  A ball python (D:2)
  4 frilled lizards
  8 rats
63 creatures vanquished.

Vanquished Creatures (others)
  2 plants (D:3)
2 creatures vanquished.

Grand Total: 65 creatures vanquished

Notes
Turn   | Place    | Note
-------+----------+-------------------------------------------
     0 | D:1      | Elleran the Demonspawn Berserker began the quest for the
                  | Orb.
     0 | D:1      | Reached XP level 1. HP: 18/18 MP: 1/1
   190 | D:1      | Gained mutation: You are partially covered in sharp spines.
                  | [demonic ancestry]
   190 | D:1      | Reached XP level 2. HP: 23/24 MP: 2/2
   834 | D:2      | Reached XP level 3. HP: 29/29 MP: 3/3
   870 | D:2      | Reached ** piety under Trog
  1932 | D:3      | Gained mutation: You are mostly covered in sharp spines.
                  | [demonic ancestry]
  1932 | D:3      | Reached XP level 4. HP: 37/37 MP: 4/4
  2630 | D:4      | Found Ecilimat's Assorted Antiques.
  2685 | D:4      | Reached XP level 5. HP: 34/42 MP: 5/5
  2781 | D:4      | Noticed a phantom
  2792 | D:4      | Killed from afar by a white imp

Illustrated notes

Levels and vault maps discovered:
D:1:      enne_arrival_octagon_isle, layout_basic
D:2:      layout_loops_ring, corexii_leaking_fountain
D:3:      cheibrodos_old_hovel, layout_loops_ring
D:4:      layout_basic, serial_shops, nicolae_shop_trees

Skill      XL: |  1  2  3  4 |
---------------+-------------+-----
Axes           | 3 4 |  4.4
Fighting       | 4 |  4.0
Armour         | |  1.7
Dodging        | |  1.7
Shields        | |  0.7

Action                   |  1- 3 |  4- 6 || total
-------------------------+-------+-------++-------
Melee: Hand axe          |    94 |    56 ||   150
Invok: Berserk           |     1 |     1 ||     2
  Use: Scroll            |       |     4 ||     4
 Stab: Sleeping          |     2 |       ||     2
Armor: Animal skin       |    14 |       ||    14
       Ring mail         |     5 |    10 ||    15
Dodge: Dodged            |    52 |    12 ||    64
Block: Kite shield       |       |    34 ||    34
       Reflection        |       |     1 ||     1
